 Dungeon Crawl Stone Soup version 0.31-a0-177-g4aa6249778 (webtiles) character file.

Game seed: 3117158536653346646

1220 mopl the Magician (level 8, 0/57 HPs)
             Began as a Black Draconian Earth Elementalist on June 18, 2023.
             Slain by a gnoll sergeant
             ... wielding a +0 spear
              (10 damage)
             ... on level 5 of the Dungeon.
             The game lasted 00:08:52 (5252 turns).

mopl the Magician (DrEE)                            Turns: 5252, Time: 00:08:53

Health: 0/57       AC:  8    Str: 10    XL:     8   Next: 23%
Magic:  8/17       EV: 12    Int: 18    God:
Gold:   280        SH:  0    Dex: 18    Spells: 5/19 levels left

rFire   . . .        b - +1 spear (freeze)
rCold   . . .        (no shield)
rNeg    . . .        (body armour unavailable)
rPois   .            (helmet restricted)
rElec   +            (no cloak)
rCorr   .            g - +0 pair of gloves
SInv    .            l - +0 pair of boots
Will    .....        (no amulet)
Stlth   ++           w - +6 ring of dexterity
HPRegen 0.29/turn    (no ring)
MPRegen 0.15/turn

%: no passive effects
@: no status effects
A: breathe lightning, AC +6, unfitting armour, electricity resistance,
cold-blooded
a: Breathe Lightning


You were on level 5 of the Dungeon.
You visited 1 branch of the dungeon, and saw 6 of its levels.

You collected 280 gold pieces.

Inventory:

Hand Weapons
 a - a +2 dagger of venom
 b - a +1 spear of freezing (weapon)
Missiles
 n - 3 poisoned darts
 t - a boomerang
Armour
 g - a +0 pair of gloves (worn)
 l - a +0 pair of boots (worn)
Magical Staves
 o - a staff of poison
Jewellery
 i - a ring of fire
 w - a +6 ring of dexterity (left hand)
Wands
 y - a wand of acid (11)
Scrolls
 c - a scroll of enchant weapon {unknown}
 d - 3 scrolls of amnesia {unknown}
 f - 3 scrolls of fear {unknown}
 h - 3 scrolls of teleportation {unknown}
 k - a scroll of noise {unknown}
 m - 5 scrolls of vulnerability {unknown}
 q - 3 scrolls of revelation {unknown}
 r - a scroll of fog {unknown}
 u - 5 scrolls of identify {unknown}
 v - 3 scrolls of blinking {unknown}
Potions
 e - a potion of curing {unknown}
 j - 4 potions of brilliance {unknown}
 p - a potion of heal wounds {unknown}
 s - a potion of haste {unknown}
 x - a potion of mutation {unknown}
 z - 3 potions of enlightenment {unknown}
 A - a potion of berserk rage {unknown}
 B - 3 potions of magic


   Skills:
 - Level 1.7 Dodging
 - Level 1.7 Stealth
 + Level 6.1 Spellcasting
 + Level 3.2 Conjurations
 + Level 1.8 Transmutations
 + Level 4.0 Air Magic
 - Level 5.0 Earth Magic


You had 5 spell levels left.
You knew the following spells:

 Your Spells              Type           Power      Damage    Failure   Level
a - Sandblast             Erth           46%        2d11      1%          1
b - Arcjolt               Conj/Air       9%         1d19      58%         5
c - Stone Arrow           Conj/Erth      40%        3d9       6%          3
i - Irradiate             Conj/Tmut      7%         3d14      75%         5

Your spell library contained the following spells:

 Spells                   Type           Power      Damage    Failure   Level
 Magic Dart               Conj           68%        1d6       3%          1
 Passwall                 Tmut/Erth      14%        N/A       4%          2
 Mephitic Cloud           Conj/Pois/Air  14%        N/A       13%         3
 Vhi's Electric Charge    Tloc/Air       24%        N/A       16%         3
 Call Imp                 Summ           10%        N/A       19%         2
 Sublimation of Blood     Necr           5%         N/A       19%         2
 Petrify                  Tmut/Erth      17%        N/A       28%         4
 Maxwell's Capacitive Co  Air            9%         ∞         100%        8


Dungeon Overview and Level Annotations

Branches:
Dungeon (6/15)
 Temple: D:4-7

Altars:

Shops:
D:1 (

Annotations:
D:2 dig


Innate Abilities, Weirdness & Mutations

You can breathe wild blasts of lightning.
Your glossy black scales are hard. (AC +6)
You cannot fit into any form of body armour.
You are resistant to electric shocks. (rElec)
You are cold-blooded and may be slowed by cold attacks.


Message History

The blast of sand hits the gnoll sergeant.
The gnoll sergeant is moderately wounded.
The gnoll sergeant misses you.
The gnoll sergeant hits you but does no damage.
The blast of sand hits the gnoll sergeant!
The gnoll sergeant is almost dead.
The gnoll sergeant barely misses you.
The blast of sand hits the gnoll sergeant.
The gnoll sergeant is almost dead.
The gnoll sergeant barely misses you. x2
The blast of sand hits the gnoll sergeant but does no damage.
The gnoll sergeant is almost dead.
The gnoll sergeant barely misses you.
The blast of sand hits the gnoll sergeant.
The gnoll sergeant is almost dead.
The gnoll sergeant hits you but does no damage.
The gnoll sergeant hits you with a +0 spear.
The blast of sand hits the gnoll sergeant but does no damage.
The gnoll sergeant is almost dead.
The gnoll sergeant hits you with a +0 spear!
You are too injured to fight recklessly!
You are too injured to fight recklessly!
You are too injured to fight recklessly!
You can't go down here!
You can't go down here!
The gnoll sergeant hits you with a +0 spear!
* * * LOW HITPOINT WARNING * * *
You climb upwards.
There is a stone staircase leading down here.
Casting: Sandblast (safe; 1% risk of failure)
Confirm with . or Enter, or press ? or * to list all spells.
Aiming: Sandblast (safe; 1% risk of failure)
Press: ? - help, Shift-Dir - straight line, f - gnoll sergeant
Aim: a gnoll sergeant, wielding a +0 spear, wearing a +0 ring mail and wearing a +0 kite shield (almost dead, 90% to hit)
The blast of sand hits the gnoll sergeant but does no damage.
The gnoll sergeant is almost dead.
The gnoll sergeant hits you with a +0 spear.
* * * LOW HITPOINT WARNING * * *
The gnoll sergeant hits you with a +0 spear!
You die...

........###..## ###.....###..###
....##..# ##..#####.8...8.##..###
..#####.# #....##.#.....#.##.##.
.## #.# #...##...8...8...#...) ##
#.####..#.'...........'...# .#
#..##..##.#...8...8...###.# .#
#.......#.##.#.....#.####.# .####
#........g.##.8...8.##.....
....###.........@.##.....##...##.
................#####...##....##.
...#####.......## ##+##........
..## #...##..# ##............ .##
#.)[###.# #..#.......... ..#
##...###.#####.###......... ..#
#.....##...##.## ##........ ..##
##.....#.......# #..####..
...###.........###..# #..# ##.


You could see a gnoll sergeant.

Vanquished Creatures
  A black bear (D:5)
  An ogre (D:4)
  A phantom (D:5)
  A gnoll sergeant (D:4)
  2 scorpions (D:5)
  A howler monkey (D:4)
  2 hounds (D:4)
  A jelly (D:5)
  3 orc priests
  Jessica (D:2)
  A sleepcap (D:5)
  6 orc wizards
  16 gnolls
  8 adders
  2 white imps
  An ufetubus (D:5)
  A worm (D:4)
  2 dart slugs
  21 orcs
  9 endoplasms
  2 giant cockroaches
  5 goblins
  8 hobgoblins
  6 jackals
  12 kobolds
  3 quokkas
  9 ball pythons
  6 bats
  5 frilled lizards
  4 rats
141 creatures vanquished.

Notes
Turn   | Place    | Note
-------+----------+-------------------------------------------
     0 | D:1      | mopl the Draconian Earth Elementalist began the quest for
                  | the Orb.
     0 | D:1      | Reached XP level 1. HP: 14/14 MP: 3/3
    83 | D:1      | Reached XP level 2. HP: 20/20 MP: 1/5
   348 | D:1      | Reached XP level 3. HP: 26/26 MP: 4/7
   583 | D:1      | Found Luixkuthy's Weapon Shop.
   793 | D:2      | Reached skill level 3 in Spellcasting
   821 | D:2      | Reached skill level 4 in Earth Magic
   860 | D:2      | Reached XP level 4. HP: 33/33 MP: 5/8
   906 | D:2      | Noticed Jessica
   916 | D:2      | Killed Jessica
  1006 | D:2      | Found a faded altar of an unknown god.
  1545 | D:3      | Reached XP level 5. HP: 38/38 MP: 4/10
  1941 | D:3      | Reached skill level 4 in Spellcasting
  2105 | D:4      | Reached skill level 5 in Earth Magic
  2347 | D:4      | Reached XP level 6. HP: 45/45 MP: 6/12
  2485 | D:4      | HP: 1/45 [gnoll sergeant/+1 spear of freezing (3)]
  2776 | D:4      | Reached skill level 5 in Spellcasting
  2861 | D:4      | Reached skill level 6 in Earth Magic
  2861 | D:4      | Your scales start taking on a glossy black colour.
  2861 | D:4      | Reduced skill Earth Magic to level 5
  2861 | D:4      | Reached XP level 7. HP: 15/50 MP: 2/14
  2861 | D:4      | Gained mutation: You are resistant to electric shocks.
                  | (rElec) [Black Draconian growth]
  3195 | D:4      | Learned a level 3 spell: Stone Arrow
  3201 | D:4      | Learned a level 5 spell: Arcjolt
  3243 | D:5      | Entered Level 5 of the Dungeon
  3279 | D:4      | Reached skill level 1 in Conjurations
  3279 | D:4      | Reached skill level 1 in Air Magic
  3544 | D:5      | Reached skill level 2 in Air Magic
  3866 | D:5      | Reached skill level 2 in Conjurations
  4171 | D:5      | Reached skill level 3 in Air Magic
  4571 | D:5      | Identified the +1 leather armour "Oneoxait" {Int+2}
  4583 | D:5      | Reached XP level 8. HP: 57/57 MP: 12/16
  4585 | D:5      | Reached skill level 6 in Spellcasting
  4591 | D:5      | Learned a level 5 spell: Irradiate
  4654 | D:5      | Reached skill level 3 in Conjurations
  5244 | D:6      | Reached skill level 4 in Air Magic
  5252 | D:5      | Slain by a gnoll sergeant

Illustrated notes

Levels and vault maps discovered:
D:1:      evilmike_arrival_home_sweet_home, layout_basic, serial_shops,
          nicolae_shop_statue_plus
D:2:      layout_basic, hellmonk_ecumenical_altar_prayer_group,
          serial_corexii_hall, chequers_hall_statues_corner_a,
          chequers_hall_statues_y, minmay_surrounded, uniq_jessica
D:3:      layout_loops_cross
D:4:      minmay_general_purpose_star, layout_rooms
D:5:      layout_layer_cave, dk_noncrumbling_3
D:6:      layout_basic

Skill      XL: |  1  2  3  4  5  6  7  8 |
---------------+-------------------------+-----
Spellcasting   | 3 4 5 6 |  6.1
Earth Magic    | 4 5 5 |  5.0
Conjurations   | 2 3 |  3.2
Air Magic      | 3 4 |  4.0
Dodging        | |  1.7
Stealth        | |  1.7
Transmutations | |  1.8

Action                     |  1- 3 |  4- 6 |  7- 9 || total
---------------------------+-------+-------+-------++-------
  Melee: Unarmed           |     5 |       |       ||     5
         Dagger            |    18 |     5 |       ||    23
         Tailslap          |     3 |       |     2 ||     5
         Spear             |       |       |    14 ||    14
   Cast: Sandblast         |    46 |   129 |    94 ||   269
Ability: Breathe Lightning |       |       |     2 ||     2
 Armour: Skin              |     9 |    26 |    50 ||    85
  Dodge: Dodged            |    28 |    67 |    49 ||   144

Table legend: (Time is in decaauts)
 A = Elapsed time spent in this place.
 B = Non-inter-level travel time spent in this place.
 C = Inter-level travel time spent in this place.
 D = Time resting spent in this place.
 E = Time spent auto-exploring this place.
 F = Levels seen in this place.
 G = Mean time per level.
                   A        B        C        D        E       F      G
               +--------+--------+--------+--------+--------+-----+--------+
         Total |   5398 |   5300 |     98 |   1174 |   3041 |   6 |  899.7 |
       Dungeon |   5398 |   5300 |     98 |   1174 |   3041 |   6 |  899.7 |
               +--------+--------+--------+--------+--------+-----+--------+

Top non-repeatable levels by time:
     D:5: 1757 daAuts
     D:4: 1223 daAuts
     D:3: 834 daAuts
     D:2: 780 daAuts
     D:1: 758 daAuts
     D:6: 45 daAuts
